 Dungeon Crawl Stone Soup version 0.29-a0-322-g68df515428 (webtiles) character file.

Game seed: 11570671773917869776

175179 sizableburger the Fencer (level 18, -4/142 HPs)
             Began as a Human Gladiator on Apr 5, 2022.
             Was the Champion of Wu Jian.
             Slain by a culicivora simulacrum (19 damage)
             ... on level 3 of the Spider Nest on Apr 6, 2022.
             The game lasted 01:41:40 (36523 turns).

sizableburger the Fencer (Human Gladiator)         Turns: 36523, Time: 01:41:41

Health: -4/142     AC: 28    Str: 16 (17) XL:     18   Next: 74%
Magic:  2/24       EV: 15    Int:  7 (9)  God:    Wu Jian [******]
Gold:   412        SH:  0    Dex: 19 (20) Spells: 19/25 levels left

rFire   . . .      SeeInvis .   a - +4 great sword (freeze)
rCold   . . .      Faith    .   (shield currently unavailable)
rNeg    + . .      Spirit   .   Z - +0 pearl dragon scales
rPois   +          Reflect  .   c - +2 helmet
rElec   .          Harm     .   Q - +1 cloak {Will+}
rCorr   .          Rampage  .   m - +0 pair of gloves
Will    ++...                   f - +1 pair of boots
Stlth   ..........              C - amulet of regeneration
HPRegen 1.13/turn               g - +4 ring of protection
MPRegen 0.19/turn               w - ring of poison resistance

@: studying Evocations
A: no striking features
a: Renounce Religion, Wall Jump, Serpent's Lash, Heavenly Storm


You were on level 3 of the Spider Nest.
You worshipped Wu Jian.
Wu Jian was exalted by your worship.
You visited 5 branches of the dungeon, and saw 27 of its levels.
You visited 1 bazaar.
You also visited: Ossuary and Ice Cave.

You collected 3044 gold pieces.
You spent 2632 gold pieces at shops.

Inventory:

Hand Weapons
 a - a +4 great sword of freezing (weapon)
 O - a +4 scimitar of flaming
Missiles
 d - 9 throwing nets
 e - 9 javelins
 o - 23 boomerangs (quivered)
 x - 8 curare-tipped darts
 T - 3 atropa-tipped darts
Armour
 c - a +2 helmet (worn)
 f - a +1 pair of boots (worn)
 m - a +0 pair of gloves (worn)
 Q - a +1 cloak of willpower (worn)
 Z - +0 pearl dragon scales (worn)
Jewellery
 g - a +4 ring of protection (left hand)
 q - a ring of flight
 w - a ring of poison resistance (right hand)
 C - an amulet of regeneration (around neck)
 L - a ring of willpower
 N - a ring of positive energy
 P - a ring of protection from fire
 U - the necklace of Bloodlust {*Rage Will++ Int-3 Slay+6}
   (You took it off a centaur warrior on level 12 of the Dungeon)

   [amulet of nothing]

   It extends the wearer's berserk rage when killing foes.
   Int:       It affects your intelligence (-3).
   Slay:      It affects your accuracy & damage with ranged weapons and melee
   (+6).
   *Rage:     It berserks you when you make melee attacks (+50% chance).
   Will:      It greatly increases your willpower.
 X - a ring of resist corrosion
Wands
 u - a wand of acid (1)
 v - a wand of flame (33)
 y - a wand of polymorph (29)
 I - a wand of iceblast (37)
 M - a wand of paralysis (10)
 S - a wand of charming (5)
 Y - a wand of mindburst (2)
Scrolls
 h - a scroll of magic mapping
 i - a scroll of silence
 j - a scroll of teleportation
 n - 2 scrolls of vulnerability
 t - 11 scrolls of amnesia
 z - a scroll of holy word
 A - 4 scrolls of fog
 E - a scroll of summoning
 G - 17 scrolls of identify
 J - 5 scrolls of fear
 K - 6 scrolls of brand weapon
 V - 2 scrolls of blinking
Potions
 b - 3 potions of might
 k - 5 potions of brilliance
 p - 6 potions of cancellation
 r - 6 potions of curing
 s - 2 potions of invisibility
 B - 2 potions of magic
 D - 3 potions of ambrosia
 F - 6 potions of mutation
 H - 5 potions of haste


   Skills:
 + Level 12.8 Fighting
 - Level 20.0 Long Blades
 - Level 2.0 Throwing
 - Level 9.5 Armour
 + Level 11.4 Dodging
 - Level 4.1 Spellcasting
 - Level 7.5 Summonings
 - Level 10.6 Ice Magic
 + Level 13.7 Evocations


You had 19 spell levels left.
You knew the following spells:

 Your Spells              Type           Power      Damage    Failure   Level
a - Call Canine Familiar  Summ           11%        N/A       16%         3
b - Ozocubu's Armour      Ice            16%        N/A       4%          3

Your spell library contained the following spells:

 Spells                   Type           Power      Damage    Failure   Level
 Freeze                   Ice            64%        1d8       1%          1
 Apportation              Tloc           2%         N/A       75%         1
 Foxfire                  Conj/Fire      4%         2x1d4     75%         1
 Ice Form                 Ice/Tmut       8%         N/A       77%         4
 Static Discharge         Conj/Air       1%         N/A       86%         2
 Animate Armour           Summ/Erth      12%        N/A       94%         4
 Conjure Flame            Conj/Fire      1%         6-21      98%         3
 Dazzling Flash           Conj/Hex       2%         N/A       98%         3
 Inner Flame              Hex/Fire       1%         N/A       98%         3
 Portal Projectile        Hex/Tloc       2%         N/A       98%         3
 Tukima's Dance           Hex            1%         N/A       98%         3
 Metabolic Englaciation   Hex/Ice        4%         N/A       98%         5
 Animate Dead             Necr           0%         N/A       100%        4
 Cause Fear               Hex            0%         N/A       100%        4
 Dispel Undead            Necr           1%         3d6       100%        4
 Flame Wave               Conj/Fire      1%         2d4       100%        4
 Leda's Liquefaction      Hex/Erth       0%         N/A       100%        4
 Passage of Golubria      Tloc           1%         N/A       100%        4
 Petrify                  Tmut/Erth      1%         N/A       100%        4
 Sticky Flame             Conj/Fire      1%         2d3       100%        4
 Agony                    Necr           1%         N/A       100%        5
 Alistair's Intoxication  Tmut/Pois      0%         N/A       100%        5
 Blade Hands              Tmut           0%         N/A       100%        5
 Irradiate                Conj/Tmut      0%         3d13      100%        5
 Silence                  Hex/Air        0%         N/A       100%        5
 Yara's Violent Unravell  Hex/Tmut       0%         3d3       100%        5
 Iron Shot                Conj/Erth      0%         9d1       100%        6
 Simulacrum               Ice/Necr       4%         N/A       100%        6
 Statue Form              Tmut/Erth      0%         N/A       100%        6
 Summon Cactus Giant      Summ           5%         N/A       100%        6
 Dragon Form              Tmut           0%         N/A       100%        7
 Haunt                    Necr/Summ      3%         N/A       100%        7
 Ozocubu's Refrigeration  Ice            8%         4d6       100%        7
 Discord                  Hex            0%         N/A       100%        8
 Infestation              Necr           0%         N/A       100%        8


Dungeon Overview and Level Annotations

Branches:
Dungeon (15/15)            Temple (1/1) D:4            Lair (6/6) D:9
 Shoals (0/4) Lair:4       Spider (3/4) Lair:2        Slime (0/5) Lair:5
    Orc (2/2) D:12            Elf (0/3) Orc:2        Vaults (0/5) D:13
 Depths (0/4) D:15        Ossuary (visited)           IceCv (visited)

Altars:
Ashenzari
Cheibriados
Dithmenos
Elyvilon
Fedhas
Hepliaklqana
Kikubaaqudgha
Makhleb
Nemelex Xobeh
Okawaru
Qazlal
Ru
Sif Muna
Trog
Uskayaw
Vehumet
Wu Jian
Xom
Yredelemnul
Zin
The Shining One
Lugonu

Shops:
D:4 [   D:13 *   Orc:1 (   Orc:2 *[=([

Portals:
Abyss: Lair:6

Annotations:
Lair:6 exclusion: 3 oklob plants


Message History

* * * LOW HITPOINT WARNING * * *
Your life force feels restored.
You feel better. The pharaoh ant barely misses you.
Unknown command.
You feel better. The pharaoh ant closely misses you.
Unknown command.
You slice the pharaoh ant!! You freeze the pharaoh ant.
The pharaoh ant is severely damaged.
The pharaoh ant bites you.
* * * LOW HITPOINT WARNING * * *
You partially resist.
You feel drained.
* * * LOW HITPOINT WARNING * * *
Unknown command.
You slice the pharaoh ant!! You freeze the pharaoh ant.
You destroy the pharaoh ant!
The Council accepts your kill.
The pharaoh ant binds the souls of nearby monsters.
Your life force feels restored.
Unknown command.
You miss the culicivora.
The culicivora is severely wounded.
The culicivora closely misses you. The culicivora bites you.
* * * LOW HITPOINT WARNING * * *
The culicivora draws strength from your injuries!
You slash the culicivora! You freeze the culicivora.
You kill the culicivora!
The Council accepts your kill.
A freezing mist starts to gather...
A culicivora simulacrum comes into view.
You slash the culicivora simulacrum!
The culicivora simulacrum is moderately damaged.
You closely miss the culicivora simulacrum.
The culicivora simulacrum is moderately damaged.
The culicivora simulacrum misses you.
You barely miss the culicivora simulacrum.
The culicivora simulacrum is moderately damaged.
The culicivora simulacrum bites you.
* * * LOW HITPOINT WARNING * * *
The culicivora simulacrum freezes you!!
You die...

........?.......
......[.........
......^........
#...........
#...........
.....#††.##.....
.... #.### #...
.. #Z# .. #@## #
#..# ##### ##.##
###.... #..###
####......
##...###.........
##....^..^......
#........^.....
#..............
#..##..........


You could see a culicivora simulacrum.

Vanquished Creatures
  Nikola (Spider:1)
  Gastronok (Orc:1)
  2 emperor scorpions
  An orc warlord (Orc:2)
  A ghost moth (Spider:3)
  A frost giant (IceCv)
  2 broodmothers (Spider:3)
  5 entropy weavers
  2 spark wasps (Spider:3)
  Snorg (Orc:1)
  Harold (D:11)
  Josephine (Lair:2)
  A vault guard (D:13)
  Fannar (Orc:1)
  5 hydras
  8 boulder beetles
  6 centaur warriors
  2 ogre magi
  2 catoblepae (Lair:3)
  Erica (D:10)
  2 radroaches
  3 death knights (D:15)
  6 two-headed ogres
  12 death yaks
  A titan zombie (D:15)
  5 orc high priests
  3 thrashing horrors (Lair:6)
  Urug (D:11)
  7 skeletal warriors
  5 pharaoh ants
  A sun moth (Spider:2)
  A flayed ghost (D:15)
  10 orb spiders
  Pikel (D:5)
  4 steelbarb worms
  2 phantasmal warriors (D:15)
  8 deep elf pyromancers
  3 necromancers
  12 orc knights
  10 wolf spiders
  5 orc sorcerers (Orc:2)
  A fire giant zombie (D:15)
  A deep elf zephyrmancer (D:12)
  A moth of wrath (shapeshifter) (Lair:6)
  7 cyclopes
  A moth of wrath (Lair:2)
  A wolf spider (shapeshifter) (D:12)
  11 elephants
  4 manticores
  6 black mambas
  24 ugly things
  Joseph (D:8)
  Maurice (D:11)
  An ice statue (IceCv)
  A smoke demon (Lair:6)
  2 torpor snails
  14 cane toads
  An unseen horror (D:12)
  8 rime drakes
  4 demonic crawlers
  An efreet (D:14)
  14 komodo dragons
  A yaktaur (D:13)
  2 freezing wraiths
  3 kobold demonologists (D:9)
  2 ancient zymes (Lair:6)
  9 trolls
  8 polar bears
  A polar bear (shapeshifter) (D:14)
  7 meliai
  A wind drake (Lair:4)
  7 tarantellas
  2 hornets
  11 slime creatures
  20 blink frogs
  7 dream sheep (Lair:6)
  A spriggan (Lair:6)
  5 shadows
  9 wraiths
  17 jumping spiders
  13 culicivoras
  A ynoxinul (Lair:6)
  2 large abominations (Lair:6)
  A centaur simulacrum (D:14)
  73 yaks
  2 water elementals (D:15)
  3 vampires
  6 wyverns
  9 basilisks
  2 spriggan skeletons (D:15)
  21 humans (D:13)
  A steam dragon (D:7)
  Edmund (D:6)
  35 redbacks
  3 vampire mosquitoes
  2 chaos spawn (Lair:6)
  6 wargs
  17 water moccasins
  29 orc warriors
  2 ice beasts
  An ice beast (shapeshifter) (Lair:6)
  2 black bears
  20 wolves
  9 ogres
  6 centaurs
  6 kobold brigands
  14 small abominations (Lair:6)
  5 gnoll sergeants
  3 necrophages
  13 bullfrogs
  3 scorpions
  10 killer bees
  2 howler monkeys
  An electric eel (Lair:1)
  6 hounds
  3 jellies
  3 gnoll shamans
  26 orc priests
  Crazy Yiuf (D:6)
  Ijyb (D:4)
  5 iguanas
  26 orc wizards
  Natasha (thrice) (D:4)
  A hound zombie (Ossuary)
  5 mummies
  Robin (D:3)
  18 gnolls
  17 adders
  12 white imps (D:11)
  An ufetubus (D:5)
  4 adder zombies (Ossuary)
  A worm (D:4)
  3 dart slugs
  73 orcs
  4 bats
  3 endoplasms
  5 giant cockroaches
  19 goblins
  10 hobgoblins
  3 jackals (D:5)
  6 quokkas
  12 ball pythons
  8 frilled lizards
  A gnoll zombie (Ossuary)
  2 goblin zombies
  A hobgoblin zombie (Ossuary)
  A jackal zombie (Ossuary)
  19 kobolds
  2 kobold zombies (Ossuary)
  2 orc zombies
  7 rats
  2 butterflies (D:4)
1006 creatures vanquished.

Vanquished Creatures (collateral kills)
  A yak (IceCv)
  An ogre (D:5)
  A kobold (D:9)
3 creatures vanquished.

Vanquished Creatures (others)
  68 fungi
  80 plants
  3 withered plants (D:15)
151 creatures vanquished.

Grand Total: 1160 creatures vanquished

Notes
Turn   | Place    | Note
-------+----------+-------------------------------------------
     0 | D:1      | sizableburger the Human Gladiator began the quest for the
                  | Orb.
     0 | D:1      | Reached XP level 1. HP: 16/16 MP: 1/1
   681 | D:1      | Reached XP level 2. HP: 21/23 MP: 2/2
   974 | D:1      | Found a faded altar of an unknown god.
   982 | D:1      | Got Plato's Incunabulum of the Snowflakes
  1322 | D:2      | Reached XP level 3. HP: 23/28 MP: 3/3
  1681 | D:2      | Reached XP level 4. HP: 30/35 MP: 4/4
  1783 | D:2      | Found the +4 robe of Augmentation {Str+4 Int+4 Dex+4}
  2055 | D:3      | Reached skill level 4 in Long Blades
  2335 | D:3      | Reached XP level 5. HP: 41/41 MP: 5/5
  2614 | D:3      | Reached skill level 5 in Long Blades
  2965 | D:3      | Identified the +1 quarterstaff of the Evil Eye {venom,
                  | *Noise rF+ Will+ SInv}
  2997 | D:3      | Noticed an ogre
  3015 | D:3      | Killed an ogre
  3016 | D:3      | Reached skill level 6 in Long Blades
  3016 | D:3      | Reached XP level 6. HP: 47/47 MP: 6/6
  3047 | D:3      | Noticed Robin
  3061 | D:3      | Killed Robin
  3462 | D:4      | Noticed Natasha
  3493 | D:4      | Killed Natasha
  3631 | D:4      | Learned a level 3 spell: Call Canine Familiar
  3684 | D:4      | Reached XP level 7. HP: 52/52 MP: 6/8
  3894 | D:4      | Reached skill level 1 in Spellcasting
  4000 | D:4      | Noticed Natasha
  4012 | D:4      | Killed Natasha
  4013 | D:4      | Reached skill level 1 in Summonings
  4024 | D:4      | Noticed Natasha
  4028 | D:4      | Killed Natasha
  4476 | D:4      | Found Zeus's Dragon-Slaying Spoils.
  4568 | D:4      | Identified the +10 mace of Slime {freeze, rC+ Will+ Stlth+}
  4589 | D:4      | Found a staircase to the Ecumenical Temple.
  4645 | Temple   | Entered the Ecumenical Temple
  4961 | Temple   | Became a worshipper of the Wu Jian Council
  5177 | D:4      | Noticed Ijyb
  5206 | D:4      | Killed Ijyb
  5220 | D:5      | Entered Level 5 of the Dungeon
  5231 | D:5      | Reached XP level 8. HP: 58/58 MP: 11/11
  5273 | D:5      | Reached skill level 7 in Long Blades
  6082 | D:5      | Noticed Pikel
  6223 | D:5      | Killed Pikel
  6224 | D:5      | Reached XP level 9. HP: 34/63 MP: 8/15
  6447 | D:6      | Reached skill level 8 in Long Blades
  6617 | D:6      | Reached skill level 5 in Summonings
  6806 | D:6      | Found a runed translucent door.
  6807 | D:6      | Noticed Crazy Yiuf
  6878 | D:6      | Killed Crazy Yiuf
  6936 | D:6      | Noticed Edmund
  6951 | D:6      | Killed Edmund
  7166 | D:6      | Reached skill level 5 in Dodging
  7304 | D:6      | Reached * piety under Wu Jian
  7790 | D:7      | Noticed a hornet
  7794 | D:7      | Killed a hornet
  7795 | D:7      | Reached skill level 9 in Long Blades
  7815 | D:7      | Found a sand-covered staircase.
  7817 | D:7      | Reached XP level 10. HP: 70/71 MP: 16/16
  7819 | Ossuary  | Entered an ossuary
  7851 | Ossuary  | Reached ** piety under Wu Jian
  8547 | D:7      | Reached skill level 5 in Fighting
  8719 | D:8      | Noticed Joseph
  9466 | D:8      | Killed Joseph
  9802 | D:8      | Reached skill level 10 in Long Blades
  9802 | D:8      | Reached skill level 1 in Evocations
 10419 | D:8      | Reached XP level 11. HP: 79/79 MP: 17/17
 10779 | D:9      | Found a glowing silver altar of Zin.
 10916 | D:9      | Reached *** piety under Wu Jian
 11272 | D:9      | Found a staircase to the Lair.
 11284 | D:9      | Noticed a two-headed ogre
 11295 | D:9      | Noticed a sun demon
 11304 | D:9      | Reached skill level 11 in Long Blades
 11319 | D:9      | Noticed a soul eater
 11868 | D:9      | Reached skill level 5 in Evocations
 12917 | D:9      | Killed a two-headed ogre
 13230 | D:10     | Entered Level 10 of the Dungeon
 13577 | D:10     | Reached **** piety under Wu Jian
 13780 | D:10     | Reached XP level 12. HP: 84/86 MP: 14/18
 13866 | D:10     | Noticed Erica
 13876 | D:10     | Killed Erica
 14039 | D:11     | Reached skill level 12 in Long Blades
 14090 | D:11     | Found a frozen archway.
 14114 | D:11     | Noticed Maurice
 14118 | IceCv    | Entered an ice cave
 14192 | IceCv    | Noticed a death yak
 14207 | IceCv    | Killed a death yak
 14504 | IceCv    | Noticed a death yak
 14522 | IceCv    | Killed a death yak
 14590 | IceCv    | Noticed a death yak
 14590 | IceCv    | Noticed a death yak
 14641 | IceCv    | Killed a death yak
 14681 | IceCv    | Reached skill level 13 in Long Blades
 14691 | IceCv    | Killed a death yak
 14692 | IceCv    | Reached XP level 13. HP: 92/99 MP: 16/19
 14760 | IceCv    | Noticed a frost giant
 14816 | IceCv    | Reached ***** piety under Wu Jian
 14883 | IceCv    | Killed a frost giant
 15182 | D:11     | Killed Maurice
 15295 | D:11     | Noticed Urug
 15295 | D:11     | Noticed Harold
 15465 | Lair:1   | Entered Level 1 of the Lair of Beasts
 15622 | Lair:1   | Noticed a four-headed hydra
 15629 | Lair:1   | Killed a one-headed hydra
 15734 | Lair:1   | Reached skill level 14 in Long Blades
 15752 | Lair:1   | Identified the +11 falchion of Zin's Brutal Revenge
                  | {vorpal, Int+2 Stlth+}
 15926 | Lair:1   | Reached skill level 10 in Fighting
 16009 | Lair:2   | Noticed a five-headed hydra
 16017 | Lair:2   | Killed a one-headed hydra
 16218 | Lair:2   | Found a hole to the Spider Nest.
 16754 | Lair:2   | Reached XP level 14. HP: 71/110 MP: 20/20
 16794 | Lair:2   | Learned a level 3 spell: Ozocubu's Armour
 16899 | Lair:2   | Reached skill level 1 in Ice Magic
 16914 | Lair:2   | Reached skill level 15 in Long Blades
 16933 | Lair:2   | Reached skill level 10 in Dodging
 18221 | Lair:3   | Reached skill level 5 in Ice Magic
 18530 | Lair:4   | Reached skill level 16 in Long Blades
 18824 | Lair:4   | Found a staircase to the Shoals.
 19796 | Lair:5   | Found a staircase to the Slime Pits.
 19881 | Lair:5   | Reached XP level 15. HP: 115/115 MP: 21/21
 20204 | D:11     | Killed Urug
 20287 | D:11     | Killed Harold
 20941 | D:12     | Identified the +2 quarterstaff of Dutyrch {vorpal, Str+2}
 21049 | D:11     | Reached skill level 17 in Long Blades
 21128 | D:12     | Reached ****** piety under Wu Jian
 21303 | D:12     | Got the Volume of the Icy Entourage
 21615 | D:12     | Found a staircase to the Orcish Mines.
 21830 | Orc:1    | Entered Level 1 of the Orcish Mines
 22053 | Orc:1    | Reached skill level 10 in Ice Magic
 22408 | Orc:1    | Noticed Fannar
 22524 | Orc:1    | Killed Fannar
 22723 | Orc:1    | Noticed Gastronok
 22731 | Orc:1    | Killed Gastronok
 22983 | Orc:1    | Noticed Snorg
 22994 | Orc:1    | Killed Snorg
 23260 | Orc:1    | Found Peiheppamm's Weapon Emporium.
 23799 | Orc:2    | Entered Level 2 of the Orcish Mines
 23941 | Orc:2    | Reached skill level 18 in Long Blades
 24001 | Orc:2    | Noticed an orc warlord
 24028 | Orc:2    | Killed an orc warlord
 24029 | Orc:2    | Reached XP level 16. HP: 113/122 MP: 22/22
 24145 | Orc:2    | Found Sofiademm's Antique Armour Shoppe.
 24146 | Orc:2    | Found Rylairch's Antique Weapon Emporium.
 24266 | Orc:2    | Found Roudenk's General Store.
 24266 | Orc:2    | Found Oluer's Jewellery Shoppe.
 24377 | Orc:2    | Found a staircase to the Elven Halls.
 24551 | Orc:2    | Found Aqaon's Armour Shoppe.
 25021 | D:4      | Bought +0 pearl dragon scales for 1200 gold pieces
 25239 | Lair:6   | Entered Level 6 of the Lair of Beasts
 25318 | Lair:6   | Reached skill level 1 in Armour
 25502 | Lair:6   | Reached skill level 19 in Long Blades
 27065 | Lair:6   | Found a corrupted altar of Lugonu.
 27065 | Lair:6   | Found a one-way gate to the infinite horrors of the Abyss.
 27309 | Lair:5   | Reached skill level 5 in Armour
 28802 | D:13     | Reached XP level 17. HP: 125/128 MP: 23/23
 28832 | D:13     | Found a gate to the Vaults.
 28930 | D:13     | Found Fiqur's Demolitions Depot.
 28993 | D:13     | Bought a manual of Evocations for 1200 gold pieces
 29819 | D:14     | Reached skill level 20 in Long Blades
 29882 | D:14     | Found an ancient bone altar of Kikubaaqudgha.
 30105 | D:14     | Found a flickering gateway to a bazaar.
 30150 | Bazaar   | Entered a bazaar
 30157 | Bazaar   | Found Rosekhlo's Book Shop.
 30171 | Bazaar   | Found Poloepog's Jewellery Boutique.
 30185 | Bazaar   | Found Zaof Ritso's Weapon Shop.
 30199 | Bazaar   | Found Vyang's General Store.
 30227 | Bazaar   | Found Gigric's Book Boutique.
 30241 | Bazaar   | Found Exel's Armour Shop.
 30316 | Bazaar   | Bought a scroll of enchant weapon for 112 gold pieces
 30316 | Bazaar   | Bought a wand of paralysis (6) for 120 gold pieces
 30737 | D:15     | Entered Level 15 of the Dungeon
 31175 | D:15     | Found a staircase to the Depths.
 31439 | D:15     | Identified the +1 ring mail "Engoth" {rN++ Int-2 Dex+6}
 31953 | D:15     | Reached skill level 10 in Evocations
 32247 | D:15     | Found a glowing golden altar of the Shining One.
 32618 | Spider:1 | Entered Level 1 of the Spider Nest
 32684 | Spider:1 | Noticed Josephine
 33044 | Lair:2   | Killed Josephine
 33164 | Spider:1 | Noticed Nikola
 33174 | Spider:1 | Killed Nikola
 33330 | Spider:1 | Reached XP level 18. HP: 72/138 MP: 24/24
 35490 | Spider:2 | Identified the +4 long sword "Cooh" {spect, Fly Str+7}
 36523 | Spider:3 | Slain by a culicivora simulacrum

Illustrated notes

Levels and vault maps discovered:
D:1:      nicolae_arrival_somewhat_less_tricky_arrival, layout_basic,
          shapermc_ecumenical_altar_rom_forum
D:2:      layout_loops_ring
D:3:      minmay_spotlight, layout_basic, grunt_ministairs_3,
          minmay_goblin_outpost, uniq_robin
D:4:      layout_loops_ring, minmay_temple_entry_butterflies,
          nicolae_shop_dragon_depot, minmay_snake_closets, uniq_natasha,
          uniq_ijyb
D:5:      layout_loops_ring, uniq_pikel
D:6:      layout_basic, serial_bayou_crossing, uniq_edmund,
          uniq_crazy_yiuf_cottage
D:7:      layout_basic, nicolae_ossuary_entry_giza
D:8:      layout_basic, corner_web_ring, uniq_joseph
D:9:      layout_stronghold, zin_academy, due_lair_maze_entry_diamond
D:10:     layout_rooms, uniq_erica
D:11:     layout_loops_ring, gauntlet_entry_generic, portal_ice_cave_entry_imps,
          minmay_hedge_maze, uniq_urug, uniq_harold, uniq_maurice
D:12:     minmay_the_grid_octo_tiled_octocenter
          [minmay_the_grid_octo_fan_narrow,
          minmay_the_grid_octo_vomiting_pacman, minmay_the_grid_octo_pinwheel,
          minmay_the_grid_octo_77,
          minmay_the_grid_octo_prize_ultimate_mussel_roller,
          minmay_the_grid_square_5x5_detours,
          minmay_the_grid_square_5x5_shrine1, minmay_the_grid_square_5x5_eight,
          minmay_the_grid_square_5x5_shuriken], layout_small_grid,
          kennysheep_orc_monster_closet_entryway, chequers_serial_rivers_large_b
D:13:     layout_rooms, grunt_vaults_entry_tiered, nicolae_blasting_shop,
          kennysheep_another_room, kennysheep_generic_room_15
D:14:     layout_loops_corners, serial_shops, bzr_entry_dummy,
          kiku_gazebo_pond_becter
D:15:     gammafunk_depths_entry_grave, layout_small_grid, serial_bayou_shore_a,
          nicolae_tso_carved_into_rock
Temple:   mainiacjoe_temple_trianglar_array
Lair:1:   layout_concentric_octagons, grunt_forest_small_clearings,
          st_stairs_10, chequers_serial_rivers_micro_a,
          small_statue_intersection, minivault_26, infiniplex_staircase_pool,
          grunt_megastairs_2, serial_bayou_shore_b
Lair:2:   nzn_winding_woodlands_stair_cross [nzn_winding_woodlands_5x15_twine,
          nzn_winding_woodlands_center_lodge, nzn_winding_woodlands_5x15_jagged,
          nzn_winding_woodlands_5x5_cross, nzn_winding_woodlands_5x5_three,
          nzn_winding_woodlands_5x15_cabin, nzn_winding_woodlands_center_garden,
          nzn_winding_woodlands_5x15_longhouse], layout_concentric_octagons,
          spider_nest_entry_funnel_web
Lair:3:   layout_regular_city, minivault_23
Lair:4:   layout_regular_city, minmay_shoals_entry_beasts
Lair:5:   layout_hall_layers, minmay_slime_entry_pillars
Lair:6:   hellmonk_lair_end_abyssal_woods, layout_long_grid, dpeg_oklob_1
Spider:1: layout_cave_pods, uniq_nikola, uniq_josephine
Spider:2: layout_spider_delve
Spider:3: layout_cave_pods
Orc:1:    layout_diamond_mine, hellmonk_bongcloud_opening,
          guppyfry_orc_lava_fort, uniq_snorg, uniq_fannar, uniq_gastronok
Orc:2:    st_orc_congregation, layout_diamond_mine, serial_shops,
          nicolae_shop_hallway_stairs, lemuel_statue_altar

Skill      XL: |  1  2  3  4  5  6  7  8  9 10 11 12 13 14 15 16 17 18 |
---------------+-------------------------------------------------------+-----
Fighting       | 3 4 5 8 10 11 12 | 12.8
Long Blades    | 4 6 7 9 10 11 13 14 16 18 19 20 | 20.0
Spellcasting   | 2 4 |  4.1
Summonings     | 2 4 6 7 |  7.5
Dodging        | 5 6 8 9 10 11 | 11.4
Evocations     | 2 6 7 11 13 | 13.7
Ice Magic      | 7 10 | 10.6
Armour         | 6 9 |  9.5
Throwing       | |  2.0

Action                   |  1- 3 |  4- 6 |  7- 9 | 10-12 | 13-15 | 16-18 || total
-------------------------+-------+-------+-------+-------+-------+-------++-------
Melee: Long sword        |    96 |   174 |   308 |   565 |       |       ||  1143
       Punch             |       |     2 |     2 |    13 |       |     3 ||    20
       Scimitar          |       |       |       |   170 |    93 |    83 ||   346
       Great sword       |       |       |       |       |   904 |  1446 ||  2350
Throw: Boomerang         |       |     5 |     9 |    11 |     2 |     2 ||    29
       Dart              |       |     3 |     4 |     3 |       |       ||    10
 Cast: Call Canine Famil |       |       |     3 |    16 |    10 |    22 ||    51
       Ozocubu's Armour  |       |       |       |       |     4 |     2 ||     6
Invok: Lunge             |       |       |    12 |    42 |    54 |    86 ||   194
       Whirlwind         |       |       |       |     5 |    58 |   144 ||   207
       Serpent's Lash    |       |       |       |       |     2 |     4 ||     6
       Heavenly Storm    |       |       |       |       |     2 |       ||     2
Evoke: Wand              |       |     1 |    17 |     9 |       |     5 ||    32
  Use: Scroll            |       |       |    26 |    13 |     5 |    14 ||    58
       Potion            |       |       |       |       |     7 |    10 ||    17
 Stab: Sleeping          |       |     5 |     5 |     2 |     6 |       ||    18
       Distracted        |       |       |       |     4 |     6 |     4 ||    14
       Paralysed         |       |       |       |       |       |     3 ||     3
Armor: Leather armour    |    32 |     5 |       |       |       |       ||    37
       Robe              |       |    75 |   105 |   274 |   258 |    23 ||   735
       Skin              |       |       |     5 |       |       |       ||     5
       Pearl dragon scal |       |       |       |       |       |   768 ||   768
Dodge: Dodged            |    74 |   132 |   193 |   701 |   792 |  1029 ||  2921

Table legend: (Time is in decaauts)
 A = Elapsed time spent in this place.
 B = Non-inter-level travel time spent in this place.
 C = Inter-level travel time spent in this place.
 D = Time resting spent in this place.
 E = Time spent auto-exploring this place.
 F = Levels seen in this place.
 G = Mean time per level.
                   A        B        C        D        E       F      G
               +--------+--------+--------+--------+--------+-----+--------+
         Total |  36370 |  33919 |   2451 |   7815 |  18170 |  30 | 1212.3 |
       Dungeon |  20828 |  19300 |   1528 |   4686 |  10350 |  15 | 1388.5 |
        Temple |    361 |    317 |     44 |      0 |    283 |   1 |  361.0 |
          Lair |   7430 |   6812 |    618 |   1119 |   4155 |   6 | 1238.3 |
   Spider Nest |   3272 |   3098 |    174 |    810 |   1461 |   3 | 1090.7 |
  Orcish Mines |   2908 |   2822 |     86 |   1007 |   1309 |   2 | 1454.0 |
        Bazaar |    331 |    331 |      0 |      0 |    104 |   1 |  331.0 |
       Ossuary |    236 |    236 |      0 |      0 |    160 |   1 |  236.0 |
      Ice Cave |    999 |    999 |      0 |    191 |    347 |   1 |  999.0 |
               +--------+--------+--------+--------+--------+-----+--------+

Top non-repeatable levels by time:
     D:9: 2401 daAuts
    D:12: 2262 daAuts
  Lair:6: 2015 daAuts
     D:8: 2001 daAuts
   Orc:1: 1965 daAuts
  Lair:2: 1881 daAuts
     D:4: 1504 daAuts
    D:15: 1458 daAuts
     D:3: 1362 daAuts
Spider:1: 1347 daAuts
     D:6: 1336 daAuts
    D:14: 1326 daAuts
     D:1: 1314 daAuts
     D:5: 1248 daAuts
Spider:2: 1237 daAuts
